| TOP OF THE 1ST |
|
Palm Beach Nationals batting - Pitching for Portland Angels : RHP Chris DePalma
|
|
Pitching: RHP Chris DePalma
|
|
|
Batting: RHB Bobby Bricker
|
0-0: Ball 1-0: Foul Ball, location: 2F 1-1: Ball 2-1: Foul Ball, location: 2F 2-2: SINGLE (Popup, 34D, EV 55.0 MPH)
|
|
Batting: RHB Victor Cintron
|
0-0: Ball 1-0: Called Strike 1-1: Called Strike 1-2: Foul Ball, location: 2F 1-2: Ball 2-2: Foul Ball, location: 2F 2-2: Ball 3-2: Ground out 4-3 (Groundball, 4, EV 88.1 MPH) Bobby Bricker to second
|
|
Batting: LHB Chance McWilliams
|
0-0: Ball 1-0: Foul Ball, location: 2F 1-1: SINGLE (Groundball, 56S, EV 76.2 MPH) (infield hit) Bobby Bricker to third
|
|
Batting: LHB Vince McLane
|
0-0: Grounds into double play, 4-6-3 (Groundball, 4S, EV 80.0 MPH)
|
| Top of the 1st over - 0 runs, 2 hits, 0 errors, 1 left on base; Palm Beach 0 - Portland 0 |
| BOTTOM OF THE 1ST |
|
Portland Angels batting - Pitching for Palm Beach Nationals : LHP Manny Ruiz
|
|
Pitching: LHP Manny Ruiz
|
|
|
Batting: RHB Dan Burkhart
|
0-0: Swinging Strike 0-1: Ball 1-1: SINGLE (Groundball, 56, EV 97.5 MPH)
|
|
Batting: RHB Jon Shonka
|
0-0: Ball 1-0: Ball 2-0: Called Strike 2-1: Called Strike 2-2: Ball 3-2: SINGLE (Groundball, 6MD, EV 96.9 MPH) (infield hit) Dan Burkhart to second
|
|
Batting: RHB Juan Rosa
|
0-0: Called Strike 0-1: Ball 1-1: Swinging Strike 1-2: Ball 2-2: Strikes out swinging
|
|
Batting: RHB Edward Hillock
|
0-0: Called Strike 0-1: Ball 1-1: Foul Ball, location: 2F 1-2: Foul Ball, location: 2F 1-2: Foul Ball, location: 2F 1-2: Ball 2-2: Ball 3-2: Base on Balls Dan Burkhart to third Jon Shonka to second
|
|
Batting: LHB Griffin Ferris
|
0-0: Ball 1-0: Foul Ball, location: 2F 1-1: SINGLE (Line Drive, 7S, EV 103.8 MPH) Dan Burkhart scores Jon Shonka to third Edward Hillock to second
|
|
Batting: RHB Kyle Gray
|
0-0: Ball 1-0: DOUBLE (Flyball, 78D, EV 90.0 MPH) Jon Shonka scores Edward Hillock scores Griffin Ferris to third
|
|
Batting: RHB Dean LeCroy
|
0-0: SINGLE (Flyball, 89S, EV 92.5 MPH) Griffin Ferris scores Kyle Gray to third Runner from 3rd tries for Home, SAFE, throw by CF to home
|
|
Batting: RHB Trevor Kingston
|
0-0: Swinging Strike 0-1: Swinging Strike 0-2: Foul Ball, location: 2F 0-2: Foul Ball, location: 2F 0-2: Foul Ball, location: 2F 0-2: Strikes out swinging
|
|
Batting: SHB Danny Gelinas
|
0-0: Ball 1-0: Foul Ball, location: 2F 1-1: Ball 2-1: Ball 3-1: Foul Ball, location: 2F 3-2: Foul Ball, location: 2F 3-2: Hit by Pitch Dean LeCroy to second
|
|
Batting: RHB Dan Burkhart
|
0-0: Fly out, F1 (Popup, 13, EV 75.0 MPH)
|
| Bottom of the 1st over - 5 runs, 5 hits, 0 errors, 2 left on base; Palm Beach 0 - Portland 5 |
| TOP OF THE 2ND |
|
Palm Beach Nationals batting - Pitching for Portland Angels : RHP Chris DePalma
|
|
Batting: RHB Chad Madsen
|
0-0: Ball 1-0: Ball 2-0: Called Strike 2-1: Ball 3-1: Foul Ball, location: 2F 3-2: Foul Ball, location: 2F 3-2: Foul Ball, location: 2F 3-2: Ground out 6-3 (Groundball, 6, EV 101.9 MPH)
|
|
Batting: RHB Antonio Vallez
|
0-0: Called Strike 0-1: Ball 1-1: Called Strike 1-2: Fly out, F6 (Popup, 6M, EV 76.2 MPH)
|
|
Batting: RHB Justin Davenport
|
0-0: Called Strike 0-1: Ball 1-1: Ball 2-1: Swinging Strike 2-2: Foul Ball, location: 2F 2-2: Strikes out looking
|
| Top of the 2nd over - 0 runs, 0 hits, 0 errors, 0 left on base; Palm Beach 0 - Portland 5 |
| BOTTOM OF THE 2ND |
|
Portland Angels batting - Pitching for Palm Beach Nationals : LHP Manny Ruiz
|
|
Batting: RHB Jon Shonka
|
0-0: Swinging Strike 0-1: Ball 1-1: Swinging Strike 1-2: Strikes out swinging
|
|
Batting: RHB Juan Rosa
|
0-0: Ball 1-0: Foul Ball, location: 2F 1-1: Ball 2-1: Swinging Strike 2-2: Ball 3-2: Strikes out looking
|
|
Batting: RHB Edward Hillock
|
0-0: Ball 1-0: Ball 2-0: Called Strike 2-1: Foul Ball, location: 2F 2-2: Foul Ball, location: 2F 2-2: Ball 3-2: Strikes out swinging
|
| Bottom of the 2nd over - 0 runs, 0 hits, 0 errors, 0 left on base; Palm Beach 0 - Portland 5 |
| TOP OF THE 3RD |
|
Palm Beach Nationals batting - Pitching for Portland Angels : RHP Chris DePalma
|
|
Batting: RHB Jason Ewert
|
0-0: Ball 1-0: Called Strike 1-1: Ball 2-1: Ball 3-1: Called Strike 3-2: Foul Ball, location: 2F 3-2: Base on Balls
|
|
Batting: RHB Steve Kunselman
|
0-0: Ball 1-0: Fielders Choice at 2nd, 5-4 (Groundball, 56, EV 86.2 MPH)
|
|
Batting: RHB Bobby Bricker
|
0-0: Ball 1-0: Called Strike 1-1: Foul Ball, location: 2F 1-2: Foul Ball, location: 2F 1-2: SINGLE (Line Drive, 8RS, EV 90.0 MPH) Steve Kunselman to second
|
|
Batting: RHB Victor Cintron
|
0-0: Called Strike 0-1: Ball 1-1: Foul Ball, location: 2F 1-2: Fielders Choice at 2nd, 6-4 (Groundball, 6, EV 100.0 MPH) Steve Kunselman to third
|
|
Batting: LHB Chance McWilliams
|
0-0: Called Strike 0-1: Ball 1-1: Ground out 4-3 (Groundball, 4, EV 78.1 MPH)
|
| Top of the 3rd over - 0 runs, 1 hit, 0 errors, 2 left on base; Palm Beach 0 - Portland 5 |
| BOTTOM OF THE 3RD |
|
Portland Angels batting - Pitching for Palm Beach Nationals : LHP Manny Ruiz
|
|
Batting: LHB Griffin Ferris
|
0-0: Swinging Strike 0-1: Foul Ball, location: 2F 0-2: Ball 1-2: Strikes out looking
|
|
Batting: RHB Kyle Gray
|
0-0: Ball 1-0: Foul Ball, location: 2F 1-1: Ball 2-1: Ball 3-1: Fly out, F8 (Flyball, 8RXD, EV 96.2 MPH)
|
|
Batting: RHB Dean LeCroy
|
0-0: Foul Ball, location: 2F 0-1: Ball 1-1: Ground out 5-3 (Groundball, 56, EV 105.0 MPH)
|
| Bottom of the 3rd over - 0 runs, 0 hits, 0 errors, 0 left on base; Palm Beach 0 - Portland 5 |
| TOP OF THE 4TH |
|
Palm Beach Nationals batting - Pitching for Portland Angels : RHP Chris DePalma
|
|
Batting: LHB Vince McLane
|
0-0: Ball 1-0: Ground out U3 (Groundball, 34, EV 91.9 MPH)
|
|
Batting: RHB Chad Madsen
|
0-0: Ball 1-0: Ball 2-0: Ball 3-0: Called Strike 3-1: Fly out, F4 (Popup, 13, EV 83.1 MPH)
|
|
Batting: RHB Antonio Vallez
|
0-0: Ball 1-0: Ground out 6-3 (Groundball, 6, EV 81.9 MPH)
|
| Top of the 4th over - 0 runs, 0 hits, 0 errors, 0 left on base; Palm Beach 0 - Portland 5 |
| BOTTOM OF THE 4TH |
|
Portland Angels batting - Pitching for Palm Beach Nationals : LHP Manny Ruiz
|
|
Batting: RHB Trevor Kingston
|
0-0: Swinging Strike 0-1: Called Strike 0-2: Ball 1-2: Foul Ball, location: 2F 1-2: Foul Ball, location: 2F 1-2: Strikes out swinging
|
|
Batting: SHB Danny Gelinas
|
0-0: Called Strike 0-1: Ball 1-1: Swinging Strike 1-2: Ball 2-2: Strikes out swinging
|
|
Batting: RHB Dan Burkhart
|
0-0: Called Strike 0-1: Ball 1-1: Ball 2-1: Ball 3-1: Foul Ball, location: 2F 3-2: Strikes out swinging
|
| Bottom of the 4th over - 0 runs, 0 hits, 0 errors, 0 left on base; Palm Beach 0 - Portland 5 |
| TOP OF THE 5TH |
|
Palm Beach Nationals batting - Pitching for Portland Angels : RHP Chris DePalma
|
|
Batting: RHB Justin Davenport
|
0-0: Foul Ball, location: 2F 0-1: SINGLE (Line Drive, 5D, EV 94.4 MPH)
|
|
Batting: RHB Jason Ewert
|
0-0: Ball 1-0: Ball Justin Davenport is caught stealing 2nd base 2-4 2-0: Ground out 5-3 (Groundball, 56S, EV 70.6 MPH)
|
|
Batting: RHB Steve Kunselman
|
0-0: Ball 1-0: Ball 2-0: SINGLE (Groundball, 56, EV 95.0 MPH)
|
|
Batting: RHB Bobby Bricker
|
0-0: Ball Steve Kunselman is caught stealing 2nd base 2-4
|
| Top of the 5th over - 0 runs, 2 hits, 0 errors, 0 left on base; Palm Beach 0 - Portland 5 |
| BOTTOM OF THE 5TH |
|
Portland Angels batting - Pitching for Palm Beach Nationals : LHP Manny Ruiz
|
|
Batting: RHB Jon Shonka
|
0-0: Ball 1-0: Ball 2-0: Called Strike 2-1: Ball 3-1: Base on Balls
|
|
Batting: RHB Juan Rosa
|
0-0: Ball 1-0: DOUBLE (Flyball, 89D, EV 103.1 MPH) Jon Shonka to third
|
|
Batting: RHB Edward Hillock
|
0-0: Ball 1-0: Ball 2-0: Foul Ball, location: 2F 2-1: Ball 3-1: Foul Ball, location: 2F 3-2: Foul Ball, location: 2F 3-2: Foul Ball, location: 2F 3-2: Base on Balls
|
|
Batting: LHB Griffin Ferris
|
0-0: Ball 1-0: Ball 2-0: Ball 3-0: Called Strike 3-1: SINGLE (Groundball, 34D, EV 97.5 MPH) Jon Shonka scores Juan Rosa to third Edward Hillock to second
|
|
Batting: RHB Kyle Gray
|
0-0: Fly out, F7 (Flyball, 78M, EV 85.6 MPH)
|
|
Batting: RHB Dean LeCroy
|
0-0: Ball 1-0: Ball 2-0: Ball 3-0: Foul Ball, location: 2F 3-1: Base on Balls Juan Rosa scores Edward Hillock to third Griffin Ferris to second
|
|
Batting: RHB Trevor Kingston
|
0-0: SINGLE (Groundball, 56S, EV 66.9 MPH) (infield hit) Edward Hillock scores Griffin Ferris to third Dean LeCroy to second
|
|
Pitching: RHP Josh Jenkins
|
|
|
Batting: SHB Danny Gelinas
|
0-0: Ball 1-0: Foul Ball, location: 2F 1-1: Called Strike 1-2: Strikes out swinging
|
|
Batting: RHB Dan Burkhart
|
0-0: Reached on error, E6 (Groundball, 6, EV 86.9 MPH) Griffin Ferris scores Dean LeCroy to third Trevor Kingston to second
|
|
Batting: RHB Jon Shonka
|
0-0: Called Strike 0-1: Ball 1-1: Fielders Choice at 2nd, 6-4 (Groundball, 6, EV 107.5 MPH)
|
| Bottom of the 5th over - 4 runs, 3 hits, 1 error, 3 left on base; Palm Beach 0 - Portland 9 |
| TOP OF THE 6TH |
|
Palm Beach Nationals batting - Pitching for Portland Angels : RHP Chris DePalma
|
|
Batting: RHB Bobby Bricker
|
0-0: Called Strike 0-1: Ball 1-1: Swinging Strike 1-2: Ball 2-2: Ground out 4-3 (Groundball, 4, EV 88.8 MPH)
|
|
Batting: RHB Victor Cintron
|
0-0: Ball 1-0: Swinging Strike 1-1: Ball 2-1: Ball 3-1: Called Strike 3-2: Base on Balls
|
|
Batting: LHB Chance McWilliams
|
0-0: Called Strike Victor Cintron steals 2nd base 0-1: Foul Ball, location: 2F 0-2: SINGLE (Line Drive, 9LS, EV 100.0 MPH) Victor Cintron to third Runner from 3rd tries for Home, SAFE, throw by RF to home
|
|
Batting: LHB Vince McLane
|
0-0: Ball 1-0: Called Strike 1-1: Ball 2-1: DOUBLE (Line Drive, 9LS, EV 106.9 MPH) Chance McWilliams to third
|
|
Batting: RHB Chad Madsen
|
0-0: Called Strike 0-1: SINGLE (Groundball, 6, EV 94.4 MPH) Chance McWilliams scores Vince McLane to third Runner from 3rd tries for Home, throw by CF and OUT! 8-2
|
|
Batting: RHB Antonio Vallez
|
0-0: Ball 1-0: Ball 2-0: Ball 3-0: Base on Balls Chad Madsen to second
|
|
Batting: RHB Justin Davenport
|
0-0: Foul Ball, location: 2F 0-1: Ball 1-1: Swinging Strike 1-2: Foul Ball, location: 2F 1-2: Ball 2-2: Ball 3-2: Strikes out swinging
|
| Top of the 6th over - 2 runs, 3 hits, 0 errors, 2 left on base; Palm Beach 2 - Portland 9 |
| BOTTOM OF THE 6TH |
|
Portland Angels batting - Pitching for Palm Beach Nationals : RHP Josh Jenkins
|
|
Batting: RHB Juan Rosa
|
0-0: Foul Ball, location: 2F 0-1: Called Strike 0-2: Ball 1-2: Ground out 5-3 (Groundball, 25, EV 88.8 MPH)
|
|
Batting: RHB Edward Hillock
|
0-0: Ball 1-0: Swinging Strike 1-1: Ball 2-1: Swinging Strike 2-2: Ball 3-2: Foul Ball, location: 2F 3-2: Base on Balls
|
|
Batting: LHB Griffin Ferris
|
0-0: Ball Edward Hillock steals 2nd, throwing error, E2 Edward Hillock to third 1-0: Swinging Strike 1-1: Foul Ball, location: 2F 1-2: Strikes out swinging
|
|
Batting: RHB Kyle Gray
|
0-0: Called Strike 0-1: Ball 1-1: Fly out, F8 (Flyball, 8RD, EV 88.1 MPH)
|
| Bottom of the 6th over - 0 runs, 0 hits, 1 error, 1 left on base; Palm Beach 2 - Portland 9 |
| TOP OF THE 7TH |
|
Palm Beach Nationals batting - Pitching for Portland Angels : RHP Chris DePalma
|
|
Batting: RHB Jason Ewert
|
0-0: Ground out 5-3 (Groundball, 56, EV 88.1 MPH)
|
|
Batting: RHB Steve Kunselman
|
0-0: Ball 1-0: Called Strike 1-1: Called Strike 1-2: Strikes out looking
|
|
Batting: RHB Bobby Bricker
|
0-0: Ball 1-0: Ball 2-0: Ball 3-0: Base on Balls
|
|
Pitching: RHP Manuel Vega
|
|
|
Batting: RHB Victor Cintron
|
0-0: SINGLE (Flyball, 78S, EV 95.6 MPH) Bobby Bricker to second Bobby Bricker to third
|
|
Batting: LHB Chance McWilliams
|
0-0: Ball 1-0: Ball 2-0: Ball 3-0: Base on Balls Victor Cintron to second
|
|
Batting: LHB Vince McLane
|
0-0: Ball 1-0: Foul Ball, location: 2F 1-1: Ball 2-1: Ground out 1-3 (Groundball, 13S, EV 75.6 MPH)
|
| Top of the 7th over - 0 runs, 1 hit, 0 errors, 3 left on base; Palm Beach 2 - Portland 9 |
| BOTTOM OF THE 7TH |
|
Portland Angels batting - Pitching for Palm Beach Nationals : RHP Josh Jenkins
|
|
Batting: RHB Dean LeCroy
|
0-0: Ball 1-0: Foul Ball, location: 2F 1-1: Swinging Strike 1-2: Strikes out swinging
|
|
Pinch Hitting: RHB Noah Pena
|
0-0: Called Strike 0-1: Ball 1-1: Foul Ball, location: 2F 1-2: Ball 2-2: Foul Ball, location: 2F 2-2: Fly out, F3 (Flyball, 3D, EV 95.0 MPH)
|
|
Batting: SHB Danny Gelinas
|
0-0: Called Strike 0-1: Ball 1-1: Swinging Strike 1-2: Foul Ball, location: 2F 1-2: Foul Ball, location: 2F 1-2: Ball 2-2: Strikes out swinging
|
| Bottom of the 7th over - 0 runs, 0 hits, 0 errors, 0 left on base; Palm Beach 2 - Portland 9 |
| TOP OF THE 8TH |
|
Palm Beach Nationals batting - Pitching for Portland Angels : RHP Manuel Vega
|
|
Now in LF: Khalil Thurston
|
|
|
Pinch Hitting: RHB Jessie Fisher
|
0-0: DOUBLE (Line Drive, 7LM, EV 109.4 MPH)
|
|
Batting: RHB Antonio Vallez
|
0-0: Foul Ball, location: 2F 0-1: Foul Ball, location: 2F 0-2: Strikes out looking
|
|
Batting: RHB Justin Davenport
|
0-0: Called Strike 0-1: Called Strike 0-2: Ball 1-2: DOUBLE (Line Drive, 78D, EV 107.5 MPH) Jessie Fisher scores
|
|
Batting: RHB Jason Ewert
|
0-0: Called Strike 0-1: Ground out 5-3 (Groundball, 5S, EV 80.6 MPH)
|
|
Batting: RHB Steve Kunselman
|
0-0: Swinging Strike 0-1: Swinging Strike 0-2: Ball 1-2: Ball 2-2: Strikes out swinging
|
| Top of the 8th over - 1 run, 2 hits, 0 errors, 1 left on base; Palm Beach 3 - Portland 9 |
| BOTTOM OF THE 8TH |
|
Portland Angels batting - Pitching for Palm Beach Nationals : RHP Josh Jenkins
|
|
Now in LF: Jelexiz Cuenca
|
|
|
Batting: RHB Dan Burkhart
|
0-0: Ground out 5-3 (Groundball, 5, EV 81.2 MPH)
|
|
Batting: RHB Jon Shonka
|
0-0: Fly out, F9 (Flyball, 89M, EV 91.9 MPH)
|
|
Batting: RHB Juan Rosa
|
0-0: Called Strike 0-1: Ball 1-1: Foul Ball, location: 2F 1-2: Strikes out looking
|
| Bottom of the 8th over - 0 runs, 0 hits, 0 errors, 0 left on base; Palm Beach 3 - Portland 9 |
| TOP OF THE 9TH |
|
Palm Beach Nationals batting - Pitching for Portland Angels : RHP Manuel Vega
|
|
Batting: RHB Bobby Bricker
|
0-0: Ball 1-0: Ball 2-0: Ball 3-0: Called Strike 3-1: Base on Balls
|
|
Batting: RHB Victor Cintron
|
0-0: Ball 1-0: Ball 2-0: SINGLE (Groundball, 4MD, EV 94.4 MPH) Bobby Bricker to second
|
|
Batting: LHB Chance McWilliams
|
0-0: Foul Ball, location: 2F 0-1: Ball 1-1: Grounds into double play, 4-6-3 (Groundball, 4, EV 86.9 MPH) Bobby Bricker to third
|
|
Batting: LHB Vince McLane
|
0-0: Swinging Strike 0-1: Ball 1-1: Ball 2-1: SINGLE (Groundball, 4D, EV 95.6 MPH) Bobby Bricker scores
|
|
Batting: RHB Jelexiz Cuenca
|
0-0: SINGLE (Flyball, 8RS, EV 94.4 MPH) Vince McLane to second
|
|
Batting: RHB Antonio Vallez
|
0-0: Called Strike 0-1: Foul Ball, location: 2F 0-2: Strikes out swinging
|
| Top of the 9th over - 1 run, 3 hits, 0 errors, 2 left on base; Palm Beach 4 - Portland 9 |
|